 Dungeon Crawl Stone Soup version 0.31-a0-344-gd109795599 (webtiles) character file.

Game seed: 7469260420726139166

366 Crownlay the Magician (level 6, -6/32 HPs)
             Began as a Deep Elf Summoner on July 21, 2023.
             Killed from afar by Ijyb (15 damage)
             ... with a bolt of light
             ... on level 4 of the Dungeon.
             The game lasted 00:11:59 (3192 turns).

Crownlay the Magician (Deep Elf Summoner)           Turns: 3192, Time: 00:12:00

Health: -6/32      AC:  3    Str:  5    XL:     6   Next: 40%
Magic:  12/18      EV: 13    Int: 22    God:
Gold:   190        SH:  0    Dex: 17    Spells: 11/20 levels left

rFire   . . .        o - +8 spear of Noargh {heavy, *Slow rElec Dex+2}
rCold   . . .        (no shield)
rNeg    . . .        a - +0 robe
rPois   .            l - +0 helmet
rElec   +            (no cloak)
rCorr   .            (no gloves)
SInv    .            (no boots)
Will    .....        (no amulet)
Stlth   ++           (no ring)
HPRegen 0.25/turn    (no ring)
MPRegen 0.16/turn

%: slow self (1%)
@: no status effects
A: no striking features
a: no special abilities


You were on level 4 of the Dungeon.
You visited 1 branch of the dungeon, and saw 4 of its levels.

You collected 190 gold pieces.

Inventory:

Hand Weapons
 o - the +8 spear of Noargh (weapon) {heavy, *Slow rElec Dex+2}
   (You found it on level 3 of the Dungeon)

   Dex:       It affects your dexterity (+2).
   rElec:     It insulates you from electricity.
   *Slow:     It may slow you when you take damage.
Armour
 a - a +0 robe (worn)
 l - a +0 helmet (worn)
Scrolls
 d - a scroll of fog {unknown}
 e - 2 scrolls of identify {unknown}
 f - a scroll of teleportation {unknown}
 h - a scroll of noise {unknown}
 j - a scroll of silence {unknown}
 m - a scroll of enchant weapon {unknown}
 n - a scroll of blinking {unknown}
Potions
 b - 2 potions of magic
 c - a potion of brilliance {unknown}
 g - a potion of berserk rage {unknown}
 i - a potion of enlightenment {unknown}
 p - a potion of heal wounds {unknown}
 q - a potion of cancellation {unknown}


   Skills:
 - Level 2.4 Dodging
 - Level 2.4 Stealth
 * Level 7.7 Spellcasting
 + Level 6.1 Summonings


You had 11 spell levels left.
You knew the following spells:

 Your Spells              Type           Power      Damage    Failure   Level
a - Summon Small Mammal   Summ           100%       N/A       1%          1
b - Call Imp              Summ           70%        N/A       1%          2
c - Call Canine Familiar  Summ           35%        N/A       1%          3
d - Summon Guardian Gole  Hex/Summ       21%        N/A       7%          3

Your spell library contained the following spells:

 Spells                   Type           Power      Damage    Failure   Level
 Summon Lightning Spire   Summ/Air       21%        N/A       22%         4


Dungeon Overview and Level Annotations

Branches:
Dungeon (4/15)
 Temple: D:4-7

Altars:
Kikubaaqudgha

Annotations:
D:4 Ijyb


Message History

Ijyb hits you with a +0 dagger.
* * * LOW HITPOINT WARNING * * *
Your cerulean imp hits Ijyb but does no damage.
Casting: Call Imp (safe; 1% risk of failure)
Confirm with . or Enter, or press ? or * to list all spells.
Ijyb misses you.
Your cerulean imp hits Ijyb with a -1 spear.
Reach: o) +8 spear of Noargh {heavy, *Slow rElec Dex+2}
Press: ? - help, Dir - move target, f - Ijyb
Aim: Ijyb, wielding a +0 dagger, wearing a +2 leather armour of fire resistance and carrying a wand of light (lightly wounded, ally target, about 36% to evade the +8 spear of Noargh)
You closely miss Ijyb.
Ijyb is lightly wounded.
Ijyb barely misses you.
Your cerulean imp misses Ijyb.
Ijyb barely misses you.
Reach: o) +8 spear of Noargh {heavy, *Slow rElec Dex+2}
Press: ? - help, Dir - move target, f/p - Ijyb
Aim: Ijyb, wielding a +0 dagger, wearing a +2 leather armour of fire resistance and carrying a wand of light (lightly wounded, ally target, about 36% to evade the +8 spear of Noargh)
You hit Ijyb but do no damage.
Ijyb is lightly wounded.
Your hound closely misses Ijyb.
Your cerulean imp hits Ijyb but does no damage.
Ijyb misses you.
Your hound bites Ijyb.
Your cerulean imp closely misses Ijyb.
Ijyb misses you.
Your hound closely misses Ijyb.
Reach: o) +8 spear of Noargh {heavy, *Slow rElec Dex+2}
Press: ? - help, Dir - move target, f/p - Ijyb
Aim: Ijyb, wielding a +0 dagger, wearing a +2 leather armour of fire resistance and carrying a wand of light (lightly wounded, ally target, about 36% to evade the +8 spear of Noargh)
You hit Ijyb.
Ijyb is moderately wounded.
Your hound barely misses Ijyb.
Your cerulean imp completely misses Ijyb.
Ijyb hits you with a +0 dagger.
* * * LOW HITPOINT WARNING * * *
Your hound bites Ijyb but does no damage.
Your cerulean imp misses Ijyb.
Reach: o) +8 spear of Noargh {heavy, *Slow rElec Dex+2}
Press: ? - help, Dir - move target, f/p - Ijyb
Aim: Ijyb, wielding a +0 dagger, wearing a +2 leather armour of fire resistance and carrying a wand of light (moderately wounded, ally target, about 36% to evade the +8 spear of Noargh)
You hit Ijyb.
Ijyb is heavily wounded.
Your hound closely misses Ijyb.
Ijyb zaps a wand.
The bolt of light hits you!
You die...

..##.#..# #.##.#..#
#.##.#..# #.##.#..# #
#..####.##.#..## .#
...............#..#
######.#....#..†#
#.#<.####### #.#h@#
#.#########.#g5#####
#.......g............
#####.#######........
#.# #........ #.#
#.####### #g# #.# ...
..# ... #..


You could see Ijyb (ally target), a friendly hound (summoned) and a friendly
cerulean imp (summoned).

Vanquished Creatures
  A worm (D:3)
  A dart slug (D:3)
  A bat (D:1)
  An endoplasm (D:1)
  2 giant cockroaches (D:3)
  2 goblins (D:3)
  A hobgoblin (D:2)
  3 ball pythons
  A frilled lizard (D:3)
  4 rats
17 creatures vanquished.

Vanquished Creatures (collateral kills)
  Sigmund (D:2)
  A scorpion (D:4)
  2 adders (D:2)
  4 gnolls (D:2)
  A dart slug (D:2)
  An orc (D:3)
  5 bats
  5 endoplasms
  2 giant cockroaches
  5 goblins
  5 hobgoblins
  8 jackals
  6 kobolds
  A quokka (D:2)
  4 ball pythons
  A frilled lizard (D:1)
  2 rats (D:2)
54 creatures vanquished.

Grand Total: 71 creatures vanquished

Notes
Turn   | Place    | Note
-------+----------+-------------------------------------------
     0 | D:1      | Crownlay the Deep Elf Summoner began the quest for the Orb.
     0 | D:1      | Reached XP level 1. HP: 10/10 MP: 6/6
   204 | D:1      | Reached XP level 2. HP: 8/15 MP: 5/8
   207 | D:1      | Learned a level 2 spell: Call Imp
   443 | D:1      | Reached skill level 4 in Spellcasting
  1049 | D:2      | Reached XP level 3. HP: 14/19 MP: 10/10
  1056 | D:2      | Learned a level 3 spell: Call Canine Familiar
  1092 | D:2      | Found a faded altar of an unknown god.
  1199 | D:2      | You fall into a shaft and drop 1 floor!
  1290 | D:2      | Noticed Sigmund
  1403 | D:3      | Reached skill level 5 in Summonings
  1473 | D:2      | Reached skill level 5 in Spellcasting
  1652 | D:2      | Reached XP level 4. HP: 14/24 MP: 10/13
  1946 | D:2      | Learned a level 3 spell: Summon Guardian Golem
  1952 | D:2      | Killed Sigmund
  1953 | D:2      | Reached skill level 6 in Spellcasting
  1953 | D:2      | Reached XP level 5. HP: 28/28 MP: 10/16
  2081 | D:2      | Reached skill level 7 in Spellcasting
  2114 | D:2      | Reached XP level 6. HP: 32/32 MP: 14/18
  2793 | D:3      | Identified the +8 spear of Noargh {heavy, *Slow rElec
                  | Dex+2}
  2874 | D:3      | Found an ancient bone altar of Kikubaaqudgha.
  3062 | D:4      | Noticed Ijyb
  3192 | D:4      | Killed from afar by Ijyb

Illustrated notes

Levels and vault maps discovered:
D:1:      sevenhm_arrival_forest_fort_large_2, layout_loops_ring,
          minmay_pentomino_u2
D:2:      layout_basic, shapermc_ecumenical_altar_mp_ritualfount, uniq_sigmund
D:3:      layout_loops_ring, mainiacjoe_overflow_alcove_1, dk_vineyard_1,
          st_stairs_11
D:4:      old_forge, layout_loops_ring, mainiacjoe_overflow_catch_the_wave,
          eat_drink_and_be_merry_uskayaw, mainiacjoe_overflow_24_doors,
          minmay_temple_entry_statues, uniq_eustachio, uniq_ijyb

Skill      XL: |  1  2  3  4  5  6 |
---------------+-------------------+-----
Spellcasting   | 4 5 6 7 |  7.7
Summonings     | 5 6 |  6.1
Dodging        | |  2.4
Stealth        | |  2.4

Action                     |  1- 3 |  4- 6 || total
---------------------------+-------+-------++-------
  Melee: Whip              |    49 |       ||    49
         Halberd           |       |    19 ||    19
         Spear             |       |     9 ||     9
   Cast: Summon Small Mamm |    17 |     4 ||    21
         Call Imp          |    17 |    16 ||    33
         Call Canine Famil |    10 |    13 ||    23
    Use: Potion            |       |     2 ||     2
   Stab: Sleeping          |     2 |     4 ||     6
 Armour: Robe              |    24 |     3 ||    27
  Dodge: Dodged            |    33 |    20 ||    53

Table legend: (Time is in decaauts)
 A = Elapsed time spent in this place.
 B = Non-inter-level travel time spent in this place.
 C = Inter-level travel time spent in this place.
 D = Time resting spent in this place.
 E = Time spent auto-exploring this place.
 F = Levels seen in this place.
 G = Mean time per level.
                   A        B        C        D        E       F      G
               +--------+--------+--------+--------+--------+-----+--------+
         Total |   3213 |   3104 |    109 |      0 |   2158 |   4 |  803.2 |
       Dungeon |   3213 |   3104 |    109 |      0 |   2158 |   4 |  803.2 |
               +--------+--------+--------+--------+--------+-----+--------+

Top non-repeatable levels by time:
     D:1: 1088 daAuts
     D:3: 999 daAuts
     D:2: 985 daAuts
     D:4: 140 daAuts
